 Dungeon Sprint DCSS version 0.28.0-53-g5a82cb258f (webtiles) character file.

Game seed: 17842187764545833317

4 Zeld the Insei (level 1, -3/13 HPs)
             Began as an Octopode Transmuter on June 10, 2022.
             Slain by a kobold
             ... wielding a +0 short sword
              (6 damage)
             ... in the Dungeon (Sprint IX: "|||||||||||||||||||||||||||||").
             The game lasted 00:00:06 (14 turns).

Zeld the Insei (Octopode Transmuter)                  Turns: 14, Time: 00:00:07

Health: -3/13      AC:  1    Str:  9    XL:     1   Next: 70%
Magic:  2/4        EV: 13    Int: 15    God:
Gold:   0          SH:  0    Dex: 12    Spells: 4/5 levels left

rFire   . . .      SeeInvis .     - Unarmed
rCold   . . .      Faith    .   (no shield)
rNeg    . . .      Spirit   .   (helmet currently unavailable)
rPois   .          Reflect  .   (no amulet)
rElec   .          Harm     .   (no ring)
rCorr   .          Rampage  .   (no ring)
Will    .....      NoTele   +   (no ring)
Stlth   ++........              (no ring)
HPRegen 0.04/turn               (no ring)
MPRegen 0.09/turn               (no ring)
                                (no ring)
                                (no ring)

@: appendages (expiring)
A: tentacle spike 3, almost no armour, amphibious, 8 rings, camouflage 1,
gelatinous body 1, (nimble swimmer 1), tentacles
a: End Transformation


You were in the Dungeon.
One of your tentacles had grown a beastly spike.
You visited 1 branch

Inventory:

Scrolls
 f - a scroll of blinking
Potions
 a - a potion of curing
 b - a potion of heal wounds
 c - a potion of haste
 d - 2 potions of magic
 e - a potion of berserk rage


   Skills:
 + Level 1.4 Fighting
 - Level 2.2 Dodging
 + Level 3.2 Unarmed Combat
 * Level 2.6 Spellcasting
 * Level 2.6 Transmutations


You had 4 spell levels left.
You knew the following spells:

 Your Spells              Type           Power      Damage    Failure   Level
a - Beastly Appendage     Tmut           18%        N/A       7%          1

Your spell library contained the following spells:

 Spells                   Type           Power      Damage    Failure   Level
 Wereblood                Tmut           9%         N/A       11%         2
 Spider Form              Tmut/Pois      5%         N/A       36%         3
 Ice Form                 Ice/Tmut       5%         N/A       77%         4


Dungeon Overview and Level Annotations

Branches:
Dungeon (1/1)

Altars:


Innate Abilities, Weirdness & Mutations

One of your tentacles has grown a beastly spike.
You cannot wear most types of armour.
You are amphibious.
You can wear up to eight rings at the same time.
Your skin changes colour to match your surroundings (Stealth+).
Your rubbery body absorbs attacks. (AC +1, EV +1)
((You are camouflaged when in or above water. (Stealth+)))
You have tentacles for arms and can constrict up to eight enemies at once.


Message History

You pierce the hobgoblin.
You kill the hobgoblin!
You barely miss the ball python. Your grab misses the ball python.
Your tentacle spike misses the ball python.
The ball python bites you. The ball python grabs you.
The ball python constricts you.
You closely miss the ball python. You grab the ball python.
You squeeze the ball python.
You kill the ball python!
Your transformation is almost over.
Unknown command.
You are too injured to fight recklessly!
You tentacle-slap the hobgoblin. Your grab misses the hobgoblin.
The hobgoblin is severely wounded.
The hobgoblin barely misses you.
You are too injured to fight recklessly!
You tentacle-slap the hobgoblin but do no damage.
You grab the hobgoblin. You squeeze the hobgoblin.
You kill the hobgoblin!
The ball python misses you. The ball python closely misses you.
You are too injured to fight recklessly!
You closely miss the ball python. Your grab misses the ball python.
Your tentacle spike misses the ball python.
You squeeze the ball python.
The ball python is severely wounded.
The ball python closely misses you. The ball python barely misses you.
You completely miss the ball python. Your grab misses the ball python.
The ball python is severely wounded.
The ball python bites you.
* * * LOW HITPOINT WARNING * * *
The ball python misses you.
You are too injured to fight recklessly!
You completely miss the ball python. You grab the ball python.
You pierce the ball python.
You kill the ball python!
You tentacle-slap the kobold. You grab the kobold.
The kobold is moderately wounded.
You constrict the kobold, but do no damage.
The kobold hits you with a +0 short sword.
You die... ▓▓▓▓▓▓▓▓▓▓▓▓ ▓<..@K.....+ ▓▓▓▓▓▓▓▓▓▓▓▓

You could see a kobold.

Vanquished Creatures
  2 hobgoblins (D)
  2 ball pythons (D)
4 creatures vanquished.

Notes
Turn   | Place    | Note
-------+----------+-------------------------------------------
     0 | D        | Zeld the Octopode Transmuter began the quest for the Orb.
     0 | D        | Reached XP level 1. HP: 13/13 MP: 3/3
    14 | D        | Slain by a kobold

Illustrated notes

Levels and vault maps discovered:
D:        linesprint [early_d, line_temple, items_1, d_10, items_2, lair_1,
          lair_end, items_3, orc_1, orc_end, items_4, d_15, swamp_1, shoals_1,
          snake_1, spider_1, d_20, vaults_1, items_5, swamp_end, shoals_end,
          snake_end, spider_end, vaults_end, d_27, items_6, zot_1, zot_end,
          crypt_end, forest_end, elf_end, slime_end, tomb_end, abyss_end,
          pan_hell_end]

Action                   || total
-------------------------++-------
Melee: Unarmed           ||    10
       Constrict         ||     5
       Tentacles         ||     3
       Kick              ||     2
 Cast: Beastly Appendage ||     1
Dodge: Dodged            ||     6
